 Dungeon Crawl Stone Soup version 0.24-a0-439-g6dd8730de2 (webtiles) character file.

Game seed: 2951387580189781525

2599 Ijustatesigmund the Fighter (level 9, -3/105 HPs)
             Began as an Ogre Hunter on June 17, 2019.
             Slain by Joseph
             ... wielding a +1 quarterstaff of draining
              (5 damage)
             ... on level 6 of the Dungeon.
             The game lasted 00:11:28 (6465 turns).

Ijustatesigmund the Fighter (Ogre Hunter)           Turns: 6465, Time: 00:11:29

Health: -3/105     AC:  4    Str: 23    XL:     9   Next: 59%
Magic:  9/9        EV: 10    Int: 12    God:
Gold:   284        SH:  0    Dex: 12    Spells: 8/8 levels left

rFire    + . .     SeeInvis .   a - +2 flail (holy)
rCold    + . .     Gourm    .   (no shield)
rNeg     . . .     Faith    .   b - +1 robe
rPois    +         Spirit   .   (helmet restricted)
rElec    +         Reflect  .   (no cloak)
rCorr    +         Harm     .   (gloves unavailable)
MR       .....                  (boots unavailable)
Stlth    ++........             e - amulet of regeneration
HPRegen  0.67/turn              v - ring of stealth
MPRegen  0.11/turn              (no ring)

@: mighty, resistant, very slightly contaminated, heavily drained, invisible
A: large, unfitting armour, tough skin 1
a: no special abilities


You were on level 6 of the Dungeon.
You were not hungry.

You visited 1 branch of the dungeon, and saw 7 of its levels.

You collected 284 gold pieces.

Inventory:

Hand Weapons
 a - a +2 flail of holy wrath (weapon)
 y - a +0 giant club
Missiles
 c - 4 large rocks (quivered)
 d - 2 throwing nets
Armour
 b - a +1 robe (worn)
Jewellery
 e - an amulet of regeneration (around neck)
 m - an uncursed amulet of magic regeneration {unknown}
 v - a ring of stealth (left hand)
 x - a cursed ring of attention {unknown}
Wands
 h - a wand of polymorph (6)
 o - a wand of digging (2)
Scrolls
 l - 2 scrolls of blinking
 p - a scroll of teleportation
 s - 2 scrolls of magic mapping
 t - a scroll of remove curse
Potions
 g - a potion of haste
 i - 2 potions of agility
 j - a potion of brilliance
 k - 2 potions of invisibility
 n - a potion of heal wounds {unknown}
 q - a potion of mutation {unknown}
 r - a potion of resistance
 u - a potion of flight {unknown}
Comestibles
 f - 7 rations
 w - 3 chunks of flesh


   Skills:
 + Level 11.0(8.8) Fighting
 + Level 8.0(6.0) Maces & Flails
 - Level 4.0(2.1) Throwing
 - Level 3.8(2.0) Dodging
 - Level 0.6(0.0) Stealth


You had 8 spell levels left.
You didn't know any spells.
Your spell library was empty.

Dungeon Overview and Level Annotations

Branches:
Dungeon (7/15)             Temple (0/1) D:6

Altars:
Nemelex Xobeh
Ru

Annotations:
D:6 Joseph


Innate Abilities, Weirdness & Mutations

You are too large for most types of armour.
You have tough skin. (AC +1)


Message History

* * * LOW HITPOINT WARNING * * *
The orc wizard hits you but does no damage.
It was a potion of resistance.
You feel protected.
The orc wizard mumbles some strange words.
The orc wizard blinks!
Joseph misses you.
You fade into invisibility!
Joseph hits you with a +1 quarterstaff of draining.
* * * LOW HITPOINT WARNING * * *
You feel drained.
* * * LOW HITPOINT WARNING * * *
You are very lightly contaminated with residual magic.
You sock Joseph!
Joseph is heavily wounded.
The orc wizard casts a spell at Joseph.
Joseph easily resists.
Joseph hits you with a +1 quarterstaff of draining!
* * * LOW HITPOINT WARNING * * *
You feel drained.
You die...

#########.# ###
#.# ..# #.# #.#
#.# #.# #.# #.#
#.# #.# #.# #.#
#[# #.# #@# #.#
#@# ..# #.# ..#
#o# ..##### #.#
......##########.#
#..............#.#
#####.########.#.#
# #.# #.#.#


You could see Joseph and an orc wizard.

Vanquished Creatures
  Grinder (D:6)
  Sigmund (D:3)
  Eustachio (D:6)
  2 hungry ghosts
  An orc warrior (D:6)
  A black bear (D:6)
  A phantom (D:4)
  An ogre (D:6)
  3 centaurs
  5 bullfrogs
  A howler monkey (D:4)
  5 crimson imps
  A jelly (D:6)
  A centaur zombie (D:5)
  2 hounds
  An orc wizard (D:6)
  2 orc priests
  Ijyb (D:3)
  5 worker ants
  2 hound skeletons
  3 gnolls (D:4)
  13 adders
  A shadow imp (D:5)
  3 oozes
  An adder zombie (D:6)
  An adder skeleton (D:4)
  7 worms
  4 leopard geckos
  15 orcs
  2 ball pythons
  9 bats
  3 giant cockroaches
  8 goblins
  11 hobgoblins
  10 jackals
  4 quokkas
  9 frilled lizards
  8 kobolds
  A quokka skeleton (D:6)
  9 rats
160 creatures vanquished.

Vanquished Creatures (others)
  An orc wizard (D:5)
1 creature vanquished.

Grand Total: 161 creatures vanquished

Notes
Turn   | Place    | Note
-------+----------+-------------------------------------------
     0 | D:1      | Ijustatesigmund the Ogre Hunter began the quest for the
                  | Orb.
     0 | D:1      | Reached XP level 1. HP: 22/22 MP: 1/1
    48 | D:1      | Reached skill level 3 in Fighting
   152 | D:1      | Reached XP level 2. HP: 28/32 MP: 2/2
   574 | D:1      | Reached skill level 4 in Fighting
  1502 | D:1      | Reached XP level 3. HP: 37/40 MP: 3/3
  1542 | D:2      | Reached skill level 5 in Fighting
  1771 | D:2      | Reached XP level 4. HP: 50/52 MP: 4/4
  1963 | D:2      | Reached skill level 6 in Fighting
  2327 | D:3      | Reached XP level 5. HP: 33/61 MP: 5/5
  2444 | D:3      | Reached skill level 7 in Fighting
  2658 | D:3      | Reached skill level 1 in Maces & Flails
  2658 | D:3      | Reached XP level 6. HP: 69/72 MP: 6/6
  2774 | D:3      | Noticed Sigmund
  2783 | D:3      | Killed Sigmund
  2783 | D:3      | Reached XP level 7. HP: 58/79 MP: 7/7
  3080 | D:3      | Noticed Ijyb
  3095 | D:3      | Killed Ijyb
  3987 | D:4      | Reached skill level 5 in Maces & Flails
  4292 | D:5      | Entered Level 5 of the Dungeon
  4396 | D:5      | Reached XP level 8. HP: 82/88 MP: 8/8
  4583 | D:5      | Found a sparkling altar of Nemelex Xobeh.
  5011 | D:5      | Found a sacrificial altar of Ru.
  5259 | D:6      | Noticed Eustachio
  5263 | D:6      | Reached skill level 8 in Fighting
  5313 | D:6      | Killed Eustachio
  5483 | D:6      | Reached skill level 9 in Fighting
  5637 | D:6      | Reached XP level 9. HP: 61/100 MP: 9/9
  5831 | D:6      | Found a staircase to the Ecumenical Temple.
  5869 | D:6      | Noticed Grinder
  5875 | D:6      | Killed Grinder
  5875 | D:6      | Reached skill level 10 in Fighting
  6345 | D:7      | Noticed Joseph
  6381 | D:6      | Reached skill level 11 in Fighting
  6465 | D:6      | HP: 2/105 [Joseph/+1 quarterstaff of draining (12)]
  6465 | D:6      | Slain by Joseph

Levels and vault maps discovered:
D:1:      sevenhm_arrival_forest_fort_large_4, layout_loops_ring
D:2:      layout_loops_cross, hex_tiny
D:3:      layout_loops_ring, minmay_divided_ellipse, uniq_ijyb, uniq_sigmund
D:4:      layout_loops_ring, serial_rivers, chequers_serial_rivers_marsh,
          chequers_serial_rivers_small_b, chequers_serial_rivers_micro_a,
          chequers_serial_rivers_micro_b, chequers_serial_rivers_small_3,
          chequers_serial_rivers_micro_d, roderic_roman_lattice,
          minmay_pentomino_pile
D:5:      layout_basic, lemuel_doored_altar, first_ration, hangedman_ru_absence
D:6:      layout_loops_ring, minmay_temple_entry_hall, uniq_grinder,
          uniq_eustachio
D:7:      layout_cave_pools, nicolae_gozag_cash_rules_everything_around_me,
          grunt_ogre_cave, minivault_14, uniq_prince_ribbit1, uniq_joseph

Skill      XL: |  1  2  3  4  5  6  7  8  9 |
---------------+----------------------------+-----
Fighting       | 3 4 5 6 7 9 11 | 11.0
Maces & Flails | 1 3 5 6 8 |  8.0
Dodging        | 3 |  3.8
Throwing       | |  4.0
Stealth        | |  0.6

Action                   |  1- 3 |  4- 6 |  7- 9 || total
-------------------------+-------+-------+-------++-------
Melee: Short sword       |   142 |   200 |       ||   342
       Flail             |       |    19 |   368 ||   387
Throw: Large rock        |       |     2 |     6 ||     8
  Use: Scroll            |     5 |     5 |     3 ||    13
       Potion            |       |     3 |     6 ||     9
 Stab: Sleeping          |     1 |     1 |     4 ||     6
       Invisible         |       |       |     2 ||     2
  Eat: Chunk             |     2 |     4 |    15 ||    21
       Ration            |       |       |     1 ||     1
Armor: Robe              |    41 |    69 |   101 ||   211
       Skin              |       |       |     6 ||     6
Dodge: Dodged            |    86 |   144 |   286 ||   516

Table legend:
 A = Non-vault XP
 B = Vault XP
 C = Vault XP percentage of total XP
 D = Non-vault monster count
 E = Vault monster count
 F = Vault count percentage of total count
                 A         B        C        D         E       F
            +---------+---------+-------+---------+---------+-------
      Total |    2788 |     925 |  24.9 |     142 |      19 |  11.8
            +---------+---------+-------+---------+---------+-------
        D:1 |      35 |       0 |   0.0 |      18 |       0 |   0.0
        D:2 |     102 |       0 |   0.0 |      27 |       0 |   0.0
        D:3 |     150 |     418 |  73.6 |      30 |      15 |  33.3
        D:4 |     383 |       5 |   1.3 |      18 |       2 |  10.0
        D:5 |     399 |       0 |   0.0 |      19 |       0 |   0.0
        D:6 |    1482 |     502 |  25.3 |      26 |       2 |   7.1
        D:7 |     237 |       0 |   0.0 |       4 |       0 |   0.0
            +---------+---------+-------+---------+---------+-------
